 Dungeon Crawl Stone Soup version 0.28.0 (webtiles) character file.

Game seed: 4195103489467467707

16 issech the Cudgeller (level 2, 0/29 HPs)
             Began as a Troll Monk on Feb 17, 2022.
             Succumbed to an adder's poison
             ... on level 2 of the Dungeon.
             The game lasted 00:02:09 (870 turns).

issech the Cudgeller (Troll Monk)                    Turns: 870, Time: 00:02:09

Health: 0/29       AC:  4    Str: 18    XL:     2   Next: 41%
Magic:  1/1        EV: 10    Int:  6    God:
Gold:   45         SH:  0    Dex: 12    Spells: 1/1 levels left

rFire   . . .      SeeInvis .   a - +0 mace
rCold   . . .      Faith    .   (no shield)
rNeg    . . .      Spirit   .   b - +0 robe
rPois   .          Reflect  .   (helmet restricted)
rElec   .          Harm     .   (no cloak)
rCorr   .          Rampage  .   (gloves unavailable)
Will    .....                   (boots unavailable)
Stlth   ++........              (no amulet)
HPRegen 0.89/turn               (no ring)
MPRegen 0.07/turn               (no ring)

@: lethally poisoned (0 -> -2)
A: large, unfitting armour, claws 3, regeneration 1, shaggy fur 1, tough skin 1
a: no special abilities


You were on level 2 of the Dungeon.
You visited 1 branch of the dungeon, and saw 2 of its levels.

You collected 45 gold pieces.

Inventory:

Hand Weapons
 a - a +0 mace (weapon)
 d - a +1 short sword of draining
Missiles
 c - 12 arrows
 h - 20 stones (quivered)
 k - 3 boomerangs
Armour
 b - a +0 robe (worn)
Scrolls
 f - a scroll of blinking
 i - a scroll of enchant weapon
 j - a scroll of silence
Potions
 e - a potion of magic {unknown}
 g - a potion of berserk rage {unknown}


   Skills:
 + Level 2.7 Fighting
 + Level 2.9 Maces & Flails
 + Level 2.6 Dodging
 + Level 1.0 Stealth


You had one spell level left.
You didn't know any spells.
Your spell library contained the following spells:

 Spells                   Type           Power      Damage    Failure   Level
 Magic Dart               Conj           0%         1d3       45%         1
 Searing Ray              Conj           0%         2d4       58%         2
 Fulminant Prism          Conj/Hex       0%         3d6       99%         4


Dungeon Overview and Level Annotations

Branches:
Dungeon (2/15)

Altars:


Innate Abilities, Weirdness & Mutations

You are too large for most types of armour.
You have claws for hands.
Your natural rate of healing is unusually fast.
You are covered in fur. (AC +1)
You have tough skin. (AC +1)


Message History

The adder hisses angrily.
You see here a scroll labelled OTURCH FAAMUWN.
Found a scroll labelled ECZEIM TYEDE.
You closely miss the adder. The adder bites you but does no damage.
You closely miss the adder. The adder barely misses you. The adder bites you.
You are poisoned.
The adder poisons you!
You barely miss the adder.
You feel sick. The adder bites you. x2
You are more poisoned.
The adder poisons you!
You barely miss the adder.
You feel sick. The adder barely misses you.
You hit the adder.
The adder is lightly wounded.
You feel sick. The adder bites you. The adder bites you but does no damage.
You hit the adder.
The adder is lightly wounded.
You feel sick. The adder bites you.
You are more poisoned.
The adder poisons you!
You miss the adder.
The adder is lightly wounded.
You feel very sick.
The adder bites you but does no damage. x2
You hit the adder.
The adder is heavily wounded.
You feel sick. The adder barely misses you. The adder bites you.
You are more poisoned.
The adder poisons you!
You hit the adder.
The adder is severely wounded.
You feel sick. The adder bites you.
* * * LOW HITPOINT WARNING * * *
You feel sick. The adder closely misses you.
You feel sick.
You feel sick.
You feel sick. The adder bites you.
* * * LOW HITPOINT WARNING * * *
You are more poisoned.
The adder poisons you!
You die...

## #.## ...# #..#######
####......... #............
l.. #............ ...
#.@.#..# #.# .. #
#.#.#..### #.###.## #.#
###S.......###....... ..
#.#.#................
###.#.#........#.###.##..##
...>..?.?...........<......
##......(..................
........###......###......#
........###........†...##.#


You could see an adder.

Vanquished Creatures
  A worm (D:2)
  A ball python (D:2)
  3 bats
  2 endoplasms (D:1)
  A giant cockroach (D:2)
  A hobgoblin (D:1)
  2 quokkas
  A frilled lizard (D:2)
12 creatures vanquished.

Notes
Turn   | Place    | Note
-------+----------+-------------------------------------------
     0 | D:1      | issech the Troll Monk began the quest for the Orb.
     0 | D:1      | Reached XP level 1. HP: 22/22 MP: 0/0
   790 | D:2      | Reached XP level 2. HP: 29/29 MP: 1/1
   869 | D:2      | HP: 1/29 [adder (2)]
   870 | D:2      | Succumbed to an adder's poison

Illustrated notes

Levels and vault maps discovered:
D:1:      minmay_arrival_three_doors, layout_basic
D:2:      cheibrodos_helix_gallery, layout_basic,
          dilly_ecumenical_altar_fadedgnrine

Action                   || total
-------------------------++-------
Melee: Mace              ||    52
  Use: Scroll            ||     3
Armor: Robe              ||    23
Dodge: Dodged            ||    51
